 Dungeon Crawl Stone Soup version 0.30-a0-847-g17996783a1 (webtiles) character file.

Game seed: 12142943746737053539

317 cforsyth the Sneak (level 6, -15/38 HPs)
             Began as a Kobold Brigand on Mar 4, 2023.
             Was an Initiate of Hepliaklqana.
             Demolished by Duvessa
             ... wielding a +0 short sword
              (16 damage)
             ... on level 4 of the Dungeon.
             The game lasted 00:03:44 (3773 turns).

cforsyth the Sneak (Kobold Brigand)                 Turns: 3773, Time: 00:03:45

Health: -15/38     AC:  3    Str:  9    XL:     6   Next: 74%
Magic:  6/6        EV: 16    Int: 12    God:    Hepliaklqana [......]
Gold:   205        SH:  0    Dex: 18    Spells: 5/5 levels left

rFire   . . .      SeeInvis .    a - +2 dagger
rCold   . . .      Faith    .    (no shield)
rNeg    . . .      Spirit   .    b - +0 robe
rPois   .          Reflect  .    (no helmet)
rElec   .          Rampage  .    c - +0 cloak
rCorr   .                        (no gloves)
Will    .....                    (no boots)
Stlth   +++++                    h - amulet of the acrobat
HPRegen 0.26/turn                (no ring)
MPRegen 0.10/turn                (no ring)

@: mighty
A: small, no large weapons, nightstalker 3
a: Renounce Religion


You were on level 4 of the Dungeon.
You worshipped Hepliaklqana.
Hepliaklqana was noncommittal.
You visited 2 branches of the dungeon, and saw 5 of its levels.

You collected 205 gold pieces.

Inventory:

Hand Weapons
 a - a +2 dagger (weapon)
Missiles
 d - 14 poisoned darts (quivered)
 e - 3 curare-tipped darts
Armour
 b - a +0 robe (worn)
 c - a +0 cloak (worn)
Jewellery
 h - an amulet of the acrobat (around neck)
Wands
 k - a wand of digging (5)
Scrolls
 i - 3 scrolls of poison
 m - 4 scrolls of identify
 n - a scroll of fog {unknown}
 o - a scroll of teleportation {unknown}
 p - a scroll of blinking {unknown}
Potions
 f - 5 potions of attraction
 g - a potion of curing
 j - a potion of brilliance


   Skills:
 + Level 4.0 Fighting
 + Level 4.9 Short Blades
 - Level 2.1 Throwing
 + Level 3.9 Dodging
 + Level 6.9 Stealth


You had 5 spell levels left.
You didn't know any spells.
Your spell library contained the following spells:

 Spells                   Type           Power      Damage    Failure   Level
 Cigotuvi's Dreadful Rot  Necr/Pois/Air  0%         N/A       45%         2
 Poisonous Vapours        Pois/Air       0%         N/A       45%         2
 Mephitic Cloud           Conj/Pois/Air  0%         N/A       69%         3


Dungeon Overview and Level Annotations

Branches:
Dungeon (4/15)             Temple (1/1) D:4

Altars:
Cheibriados
Gozag
Hepliaklqana
Nemelex Xobeh
Okawaru
Qazlal
Ru
Sif Muna
Trog
Uskayaw
Vehumet
Wu Jian

Shops:
D:1 (

Annotations:
D:4 1 runed translucent door, Duvessa


Innate Abilities, Weirdness & Mutations

You are small and have problems with some larger weapons.
You are completely attuned to the shadows.


Message History

No target in view!
No target in view!
Found a ring mail.
k - a wand of digging (5)
Things that are here:
a +0 mace; a +0 robe; the orc corpse of Blork the orc
Found a stone staircase leading down.
No target in view!
q - a bubbling blue potion Dowan, Brother of Duvessa comes into view.
He is wielding a +0 dagger.
Dowan is nearby!
Duvessa, Sister of Dowan comes into view.
She is wielding a +0 short sword.
The helpless Dowan fails to defend himself.
You perforate Dowan like a sieve!!!
You kill Dowan!
Duvessa screams, "No!
How DARE you!"
Duvessa goes berserk!
Your Fighting skill increases to level 4!
You closely miss Duvessa. Duvessa closely misses you.
Duvessa hits you with a +0 short sword!
The air fills with toxic fumes!
As you read the scroll labelled EKOBAE DURRE, it crumbles to dust.
It was a scroll of poison.
Duvessa hits you with a +0 short sword!
* * * LOW HITPOINT WARNING * * *
As you read the scroll labelled PEHIHE SIYRU, it crumbles to dust.
The creatures around you are filled with an inner flame!
It was a scroll of immolation.
Duvessa hits you with a +0 short sword.
* * * LOW HITPOINT WARNING * * *
Duvessa misses you.
It was a potion of might.
You feel very mighty all of a sudden. Duvessa barely misses you.
You closely miss Duvessa. Duvessa misses you.
You closely miss Duvessa. Duvessa hits you with a +0 short sword.
* * * LOW HITPOINT WARNING * * *
You hit Duvessa.
Flame seeps out of Duvessa.
Duvessa is lightly wounded.
Duvessa is engulfed in blazing flames.
Flame seeps out of Duvessa.
Duvessa hits you with a +0 short sword!
You die...

#§§ § #§#
#
☼§##§##§#
§§§e§§☼§#
#..##@#
#§§§§§#
##§#§§#
.§.§☼§#
##§#§##
#.#.# #.#
#.# #.#
#.# #.###
#.#


You could see Duvessa (berserk, inner flame).

Vanquished Creatures
  An ogre (D:3)
  Blork the orc (D:4)
  Dowan (D:4)
  2 adders
  3 worms
  5 dart slugs
  8 orcs
  7 endoplasms
  2 giant cockroaches
  5 goblins
  6 hobgoblins
  6 jackals (D:1)
  12 kobolds
  5 ball pythons
  6 bats
  5 frilled lizards
  A rat (D:2)
76 creatures vanquished.

Notes
Turn   | Place    | Note
-------+----------+-------------------------------------------
     0 | D:1      | cforsyth the Kobold Brigand began the quest for the Orb.
     0 | D:1      | Reached XP level 1. HP: 12/12 MP: 1/1
   108 | D:1      | Reached XP level 2. HP: 18/18 MP: 2/2
   348 | D:1      | Found Lixov's Weapon Shoppe.
   405 | D:1      | Found a faded altar of an unknown god.
   412 | D:1      | Reached XP level 3. HP: 22/22 MP: 3/3
   972 | D:2      | Reached XP level 4. HP: 27/27 MP: 4/4
  1678 | D:3      | Reached skill level 6 in Stealth
  1964 | D:3      | Found a sparkling altar of Nemelex Xobeh.
  2227 | D:3      | Identified the +3 sling of Duteumn {speed, *Corrode rPois
                  | rN+}
  2685 | D:3      | Noticed an ogre
  2690 | D:3      | HP: 1/28 [ogre/+0 giant club (27)]
  2696 | D:3      | HP: 1/42 [ogre/+0 giant club (11)]
  2701 | D:3      | Killed an ogre
  2702 | D:3      | Reached XP level 5. HP: 3/32 MP: 5/5
  3089 | D:4      | Reached XP level 6. HP: 37/37 MP: 6/6
  3475 | D:4      | Found a runed translucent door.
  3488 | D:4      | Found a staircase to the Ecumenical Temple.
  3495 | Temple   | Entered the Ecumenical Temple
  3498 | Temple   | Found a transporter.
  3498 | Temple   | Found a transporter.
  3500 | Temple   | Found a transporter.
  3500 | Temple   | Found a transporter.
  3565 | Temple   | Became a worshipper of Hepliaklqana the Forgotten
  3727 | D:4      | Noticed Blork the orc
  3731 | D:4      | Killed Blork the orc
  3762 | D:4      | Noticed Dowan
  3765 | D:4      | Noticed Duvessa
  3766 | D:4      | Killed Dowan
  3772 | D:4      | HP: 1/38 [Duvessa/+0 short sword (5)]
  3773 | D:4      | Demolished by Duvessa

Illustrated notes

Levels and vault maps discovered:
D:1:      minmay_arrival_stair_chambers, layout_rooms, serial_shops, shop,
          shapermc_ecumenical_altar_starsandcircs
D:2:      layout_basic, minmay_heptomino_d4
D:3:      layout_basic, demons_altar, mainiacjoe_overflow_catwalk,
          nicolae_figureground_pulse
D:4:      layout_loops_ring, minmay_temple_entry_crystal_x,
          ebering_ghost_reflecting_pool, uniq_edmund, uniq_blork_the_orc,
          uniq_duvessa
Temple:   hellmonk_temple_divided_pantheon

Skill      XL: |  1  2  3  4  5  6 |
---------------+-------------------+-----
Short Blades   | 3 4 |  4.9
Dodging        | 2 3 |  3.9
Fighting       | 3 4 |  4.0
Stealth        | 6 |  6.9
Throwing       | |  2.1

Action                     |  1- 3 |  4- 6 || total
---------------------------+-------+-------++-------
  Melee: Dagger            |    61 |   139 ||   200
         Punch             |       |     1 ||     1
    Use: Potion            |       |     5 ||     5
         Scroll            |       |     4 ||     4
   Stab: Sleeping          |    26 |    18 ||    44
         Fleeing           |       |     2 ||     2
 Armour: Robe              |     6 |     8 ||    14
  Dodge: Dodged            |    25 |    74 ||    99

Table legend: (Time is in decaauts)
 A = Elapsed time spent in this place.
 B = Non-inter-level travel time spent in this place.
 C = Inter-level travel time spent in this place.
 D = Time resting spent in this place.
 E = Time spent auto-exploring this place.
 F = Levels seen in this place.
 G = Mean time per level.
                   A        B        C        D        E       F      G
               +--------+--------+--------+--------+--------+-----+--------+
         Total |   3735 |   3673 |     62 |    547 |   2580 |   5 |  747.0 |
       Dungeon |   3646 |   3592 |     54 |    547 |   2551 |   4 |  911.5 |
        Temple |     88 |     80 |      8 |      0 |     29 |   1 |   88.0 |
               +--------+--------+--------+--------+--------+-----+--------+

Top non-repeatable levels by time:
     D:3: 1383 daAuts
     D:2: 998 daAuts
     D:4: 686 daAuts
     D:1: 577 daAuts
  Temple: 88 daAuts
